[Event "Polish University-ch Open 2024"]
[Site "Lublin"]
[Date "2024.02.24"]
[Round "5.2"]
[White "Koziorowicz, Michal"]
[Black "Janik, Igor"]
[Result "0-1"]
[ECO "A00"]
[WhiteElo "2324"]
[BlackElo "2499"]
[Annotator "TA"]
[PlyCount "109"]
[EventDate "2024.02.22"]
[EventType "swiss"]
[EventCountry "POL"]
[SourceTitle "playchess.com"]
[Source "ChessBase"]
[SourceQuality "1"]
[TimeControl "600+3"]

1. d3 d6 2. Qd2 ({Predecessor:} 2. g3 g6 3. Bg2 Bg7 4. f4 e5 5. Nc3 Nc6 6. Nf3 Nge7 7. O-O O-O 8. e4 f5 9. fxe5 dxe5 10. Bg5 f4 11. gxf4 exf4 12. Qd2 Qd6 13. e5 Nxe5 14. Bxf4 Nf5 15. Kh1 Nxf3 16. Bxf3 {0-1 Makarian,R (2499)-Chigaev,M (2641) Titled Tuesday intern op 09th Aug Early blitz 2022 (8)}) 2... Qd7 3. Qe3 Qe6 4. Qxe6 Bxe6 5. Be3 Bd7 6. Bc1 {[%emt 0:00:01] A00: Irregular Openings.} Bc8 7. g3 c5 8. Bg2 Nc6 9. c3 g6 10. e4 Bg7 11. Be3 e6 12. f4 Nge7 13. Nf3 b6 14. Nbd2 Bb7 15. a4 Kd7 16. Kf2 d5 17. Ke2 Rhe8 18. Rhd1 f5 19. e5 Ba6 20. Bf1 Rec8 21. Ng5 (21. Rdc1 $14) 21... h6 $11 22. Nf7 Rf8 23. Nd6 Nc8 (23... g5 $1 $11) 24. Nb5 $14 Bb7 25. Rab1 a6 26. Na3 N8a7 (26... Rg8 $14) 27. b4 $16 d4 28. cxd4 cxb4 (28... cxd4 $16 {might work better.} 29. Bf2 Rfb8) 29. Nac4 $18 Nc8 30. d5 exd5 31. Nxb6+ Nxb6 32. Bxb6 a5 (32... Rfc8 $142 33. Rdc1 g5) 33. Nb3 $18 Rfb8 34. Bg2 Ne7 (34... Bf8 $142 35. Rdc1 (35. Bxd5 Nd4+ 36. Bxd4 Bxd5 $14) 35... Ke8) 35. Rdc1 (35. Nxa5 Bc8 $18) 35... Bc6 36. Bc5 Bf8 $2 (36... Rc8 37. Ra1 Bf8) 37. Bd6 Rc8 38. Nc5+ Ke8 39. Ne6 Kf7 40. Nxf8 (40. Nc7 $142 Rxc7 41. Bxc7) 40... Kxf8 $18 {[%emt 0:00:00] [#]} 41. Rxc6 $2 (41. Kd2 $1 $18 ) 41... Rxc6 $11 42. Bxd5 Rc2+ 43. Kd1 $2 (43. Ke3 $15 Rac8 44. Be6) 43... Rac8 $19 (43... Rxh2 $2 {too greedy.} 44. Bxa8 Rf2 45. Rc1 Rf1+ 46. Kd2 Rxc1 47. Kxc1 $18) 44. Bb3 (44. Bc4 {was called for.} Rxh2 45. Rb3) 44... Rxh2 $19 45. Bc4 Ke8 46. Bb5+ (46. e6 {keeps fighting.}) 46... Kd8 $19 47. Bc4 Nc6 (47... Rg2 $142 {[%cal Oe7d5] Hoping for ...Nd5!} 48. Kc1 Nd5 (48... Rxg3 $2 49. Kb2 $19)) 48. Bc5 $19 {[%emt 0:00:01] [#]} Kc7 $1 49. d4 $2 {[%emt 0:00:11] [#]} (49. Rc1 Rd8 50. Rc2 Rxc2 51. Kxc2) 49... Nxd4 $1 $19 ({Inferior is} 49... Rh1+ 50. Kc2 Rh2+ (50... Rxb1 51. Kxb1 Kb7 52. Be6 $11) 51. Kb3 $11) 50. Bxd4 Rd8 51. Bf7 Rxd4+ 52. Kc1 Rdd2 53. Rb3 Rdg2 54. Rd3 Rh1+ 55. Rd1 0-1

[Event "Polish University-ch Open 2024"]
[Site "Lublin"]
[Date "2024.02.24"]
[Round "5.3"]
[White "Suder, Jakub"]
[Black "Psyk, Radoslaw"]
[Result "0-1"]
[ECO "D35"]
[WhiteElo "2333"]
[BlackElo "2461"]
[Annotator "TA"]
[PlyCount "108"]
[EventDate "2024.02.22"]
[EventType "swiss"]
[EventCountry "POL"]
[SourceTitle "playchess.com"]
[Source "ChessBase"]
[SourceQuality "1"]
[TimeControl "600+3"]

1. d4 d5 2. c4 e6 3. Nc3 Nf6 4. cxd5 exd5 5. Bg5 c6 6. e3 Be6 {[%emt 0:00:02] D35: Queen's Gambit Declined: Exchange Variation.} 7. h3 Bd6 $146 ({Predecessor:} 7... Nbd7 8. Bd3 Bd6 9. Nge2 h6 10. Bf4 Qc7 11. O-O O-O 12. Rc1 a6 13. Qc2 Rfe8 14. Na4 {1-0 Sarana,A (2670)-Tica,S (2451) Titled Tuesday intern op 14th Jun Late blitz 2022 (2)}) 8. Nge2 h6 9. Bf4 O-O 10. Qc2 Na6 11. Bxd6 Qxd6 12. Nf4 Nb4 13. Qd2 Bf5 14. Rc1 Rfe8 15. Be2 a5 16. O-O Re7 17. a3 Na6 18. Bd3 Bxd3 19. Nxd3 Nc7 20. Nc5 Ne6 21. N3a4 Ng5 22. Qe2 Rae8 23. Nc3 g6 24. h4 ({White should try} 24. b4 $14) 24... Ne6 $11 25. Nxe6 Rxe6 26. Qf3 h5 27. Ne2 Ng4 28. Qg3 Qd8 29. Nf4 Re4 30. Rce1 Kh7 31. Nh3 R4e7 32. Qf4 Kg7 33. Qg3 Qb6 34. Re2 Qb5 35. Rfe1 {[%emt 0:00:01] [#]} (35. Rc2 $11 {remains equal.}) 35... Nh6 ({Better is} 35... c5 $1 $17 {[%cal Rc5d4] ...cxd4 is the strong threat.} 36. dxc5 d4) 36. Nf4 $11 Kh7 37. Qg5 Qb6 38. Nd3 Qd8 39. b4 Qd6 40. Qf4 ({Of course not} 40. bxa5 Ng4 (40... Qxa3 41. Ne5 $15) 41. Ne5 Nxe5 (41... Qxa3 42. Nxg4 hxg4 43. Qxg4 $11) 42. dxe5 Rxe5 $17 (42... Qxe5 43. Qxe5 Rxe5 44. Rb1 $11)) 40... Qd8 41. Qg5 axb4 42. axb4 Qb6 (42... Nf5 $5) 43. Qf6 Re6 44. Qf4 Qb5 45. Ne5 (45. Rd2 $11) 45... R6e7 ({Reject} 45... Qxb4 $6 46. Nxf7 Nxf7 47. Qxf7+ Kh6 48. Ra1 $14) 46. f3 Qxb4 47. g4 hxg4 48. fxg4 Qd6 49. Rf1 Kg7 ({Black should play} 49... Rxe5 $15 50. dxe5 Rxe5 (50... Qxe5 51. Qxe5 Rxe5 52. Rb2 $15)) 50. g5 Nf5 51. h5 $1 Rxe5 52. dxe5 Qxe5 53. h6+ Kh7 54. Rb2 $2 (54. Qxe5 $11 Rxe5 55. Kh2) 54... Qxb2 0-1

[Event "Polish University-ch Open 2024"]
[Site "Lublin"]
[Date "2024.02.24"]
[Round "5.4"]
[White "Lukasiewicz, Krzysztof"]
[Black "Baum, Jonasz"]
[Result "0-1"]
[ECO "D02"]
[WhiteElo "2290"]
[BlackElo "2400"]
[Annotator "TA"]
[PlyCount "94"]
[EventDate "2024.02.22"]
[EventType "swiss"]
[EventCountry "POL"]
[SourceTitle "playchess.com"]
[Source "ChessBase"]
[SourceQuality "1"]
[TimeControl "600+3"]

1. d4 Nf6 2. Bf4 d5 3. e3 e6 4. Nf3 c5 5. c3 Nc6 6. Nbd2 cxd4 $1 {[%emt 0:00:02][%mdl 4] outshines the older 6...Bd6.} 7. exd4 {[%emt 0:00:01] D02: 1 d4 d5 2 Nf3 sidelines, including 2...Nf6 3 g3 and 2...Nf6 3 Bf4.} Nh5 8. Be3 Bd6 9. Ne5 Nf6 10. f4 Qb6 11. Nd3 h5 $146 ({Predecessor:} 11... Ne7 12. Be2 Nf5 13. Bf2 Ne4 14. O-O Nxf2 15. Rxf2 f6 16. Nb3 O-O 17. Qd2 Qc7 {0-1 Levitan,C (2063)-Nemsadze,D (2010) World ol U16 2022 (2.9)}) 12. Qf3 Bd7 13. O-O-O a5 14. Nc5 a4 15. Nxd7 Kxd7 16. f5 a3 17. b3 Qa5 18. Bg5 Rac8 (18... e5 $17 {Threatens to win with ...e4.} 19. b4 Qc7 (19... e4 20. bxa5 exf3 21. gxf3 $15)) 19. Kb1 (19. Bxf6 $11 gxf6 20. Kb1) 19... Ne7 (19... e5 $1 $17 20. Bxf6 e4 (20... gxf6 21. b4 $17)) 20. fxe6+ fxe6 21. b4 Qc7 (21... Qb6 $11 {remains equal.} 22. Rc1 Rhf8) 22. Rc1 (22. Bb5+ {keeps more tension.} Nc6 23. Bxf6 gxf6 24. Rhe1) 22... Rcf8 23. Bb5+ Kc8 (23... Nc6 $16 {was necessary.}) 24. Qe3 (24. c4 $1 $18 {[%cal Rc4d5] cxd5 would now be deadly.} Kb8 25. c5 (25. Qxa3 dxc4 26. Bxc4 Nc6 $16) 25... Bxh2 26. Rxh2 (26. Qxa3 h4 $16)) 24... Kb8 $1 $14 25. Qxe6 Nc8 26. Rhf1 (26. Rc2 $16) 26... Nb6 (26... Nh7 $14 27. Be3 (27. Qxd5 $2 Nb6 $19) 27... Rxf1 28. Nxf1 (28. Bxf1 Nf6 $11) 28... Nf6) 27. Nb3 $2 (27. c4 $1 $18 {[%cal Rc4c5] Hoping for c5.} dxc4 28. Nxc4 Nxc4 29. Rxc4) 27... Ne4 $15 28. Bd2 {[%emt 0:00:16] [#]} (28. Rxf8+ $15 Rxf8 29. Bh4) 28... Rxf1 $1 $19 29. Bxf1 Rc8 $2 ({Black should play} 29... Nxd2+ $17 30. Nxd2 Na4 (30... Bf4 $2 31. Qe1 $19)) 30. Be1 $1 $11 Bf4 31. Rc2 Bxh2 32. Nc5 Nxc5 33. bxc5 ({Better is} 33. dxc5 $16 Nc4 34. Bd3 (34. Qxd5 Ne3 $17) (34. Bxc4 dxc4 35. Qxc4 g5 $14)) 33... Nc4 $1 $11 34. Bxc4 ({But not} 34. Qxd5 Ne3 35. Qf3 Nxc2 36. Kxc2 Qe7 37. Bg3+ Bxg3 38. Qxg3+ Ka7 $17) 34... dxc4 35. Qxc4 Bg3 36. Bd2 Bf4 37. Qb3 (37. Qf1 $14 g5 38. Bxf4 gxf4 39. Qc1) 37... Bxd2 $11 38. Rxd2 Qf4 39. Rc2 Qf1+ 40. Rc1 Qxg2 41. Qxa3 h4 42. Qb2 $2 {[%emt 0:00:08][%mdl 8192] [#]} (42. Qa4 $1 $15) 42... Qxb2+ $1 $19 43. Kxb2 h3 44. Rh1 $2 (44. Kc2 g5 45. Kd3) 44... Rh8 $19 45. Kc2 g5 46. Kd2 g4 47. Ke2 g3 0-1

[Event "Polish University-ch Open 2024"]
[Site "Lublin"]
[Date "2024.02.24"]
[Round "5.5"]
[White "Dalkowski, Rafal"]
[Black "Kowalski, Igor"]
[Result "0-1"]
[ECO "D17"]
[WhiteElo "2093"]
[BlackElo "2372"]
[Annotator "TA"]
[PlyCount "70"]
[EventDate "2024.02.22"]
[EventType "swiss"]
[EventCountry "POL"]
[SourceTitle "playchess.com"]
[Source "ChessBase"]
[SourceQuality "1"]
[TimeControl "600+3"]

1. d4 d5 2. c4 c6 3. Nc3 Nf6 4. Nf3 dxc4 5. a4 Bf5 6. Ne5 Nbd7 7. Nxc4 Qc7 8. e3 e5 9. dxe5 Nxe5 {[%emt 0:00:01] White must now prevent ...Rd8.} 10. Nxe5 {[%emt 0:00:08] Black is slightly better.} Qxe5 11. Qb3 {[%emt 0:00:14] Dodges Bb4} Bd6 12. Be2 O-O 13. a5 (13. Qxb7 $15 Rfd8 14. f4) 13... Rab8 14. Bd2 b6 15. a6 b5 16. f3 Bc5 {[%emt 0:00:49] Black is more active.} 17. Nd1 Rfd8 18. Bb4 $2 {[%emt 0:01:10] [#]} (18. Qc3 Qe7 19. Rc1) 18... Bc2 $1 19. Qxc2 (19. Qc3 Bxb4) 19... Bxb4+ 20. Kf2 Bc5 (20... Rd2 $142 21. Qxc6 Nd5) 21. Rc1 {[%emt 0:00:18] [#]} (21. g3 {is tougher.}) 21... Rxd1 $1 $19 22. Bxd1 (22. Rcxd1 Qxe3+) 22... Bxe3+ {[%emt 0:00:02] White is weak on the dark squares} 23. Kf1 Bxc1 24. Qxc1 Re8 25. Kf2 (25. Qd2 $19) 25... Qd4+ 26. Kg3 {[%emt 0:00:21] Black is clearly winning.} Nh5+ 27. Kh3 Nf4+ 28. Kg3 {[%emt 0:00:02] [#]} Re6 29. Qxf4 Rg6+ ({Worse is} 29... Qxb2 30. Qb8+) 30. Qg4 Rxg4+ 31. fxg4 Qe5+ 32. Kh3 Qxb2 33. Bf3 c5 {[%emt 0:00:15] Strongly threatening ...g5.} 34. Rd1 g5 35. Rd7 Qf2 {[%emt 0:00:07] White got outplayed after the opening.   Weighted Error Value: White=1.25/Black=0.46.  Mistake:       	White=4     	Black=1      Inaccurate:     	White=4     	---        OK:         	White=3     	Black=3      Best:        	White=2     	Black=1      Brilliant:      	---       	Black=1} 0-1

[Event "Polish University-ch Open 2024"]
[Site "Lublin"]
[Date "2024.02.24"]
[Round "5.6"]
[White "Szpar, Milosz"]
[Black "Skurniak, Szymon"]
[Result "1-0"]
[ECO "B22"]
[WhiteElo "2495"]
[BlackElo "2096"]
[Annotator "TA"]
[PlyCount "63"]
[EventDate "2024.02.22"]
[EventType "swiss"]
[EventCountry "POL"]
[SourceTitle "playchess.com"]
[Source "ChessBase"]
[SourceQuality "1"]
[TimeControl "600+3"]

1. e4 c5 2. c3 d5 3. exd5 Qxd5 4. d4 Nc6 5. Nf3 Bg4 6. dxc5 Qxd1+ 7. Kxd1 e5 8. b4 a5 9. b5 e4 (9... Nd8 $14) 10. h3 $1 $16 Ne5 (10... Bxf3+ $16 {was necessary.} 11. gxf3 Ne5) 11. hxg4 $18 exf3 12. Be3 Nxg4 13. Bd4 (13. gxf3 Nxe3+ 14. fxe3 Bxc5 $11) 13... O-O-O 14. Kc2 (14. gxf3 Nxf2+ 15. Kc2 Rxd4 (15... Nxh1 $2 16. Bh3+ Kb8 17. Nd2 $17) 16. cxd4 Nxh1 $19) 14... Ne7 (14... Rxd4 {keeps fighting.} 15. cxd4 Nxf2) 15. gxf3 Nh6 16. Rxh6 Rxd4 17. Bh3+ f5 $2 {[%emt 0:00:04] [#]} (17... Kb8 {might work better.} 18. cxd4 gxh6) 18. cxd4 gxh6 19. Nc3 Bg7 20. Re1 Kd7 21. Na4 (21. Kd3 Rf8 22. Kc4 Bh8 $18) 21... Nd5 $2 {[%emt 0:00:19] [#]} (21... Rf8 22. c6+ (22. Nb6+ Kd8 $18) 22... bxc6 23. Nc5+ Ke8) 22. Bxf5+ Kc7 23. Kd3 Rf8 (23... Rd8 $142 24. Kc4 (24. Bxh7 Nf4+ 25. Kc2 Bf6 $18) 24... Kb8) 24. Be4 Nb4+ 25. Kc4 Nxa2 26. d5 Nb4 27. d6+ Kb8 28. c6 Be5 29. c7+ {[%emt 0:00:18] White mates.} Ka7 30. b6+ Ka6 31. Nc5+ Kxb6 32. Nd7+ {[%emt 0:00:02] Black did not feel at home in the position after the opening.   Weighted Error Value: White=0.23 (precise) /Black=0.90.  Mistake:       	---       	Black=5      OK:         	White=6     	Black=5      Best:        	White=5     	Black=1      Strong:       	White=1     	---} ({Weaker is} 32. Bxh7 Bxd6 33. Nd7+ Kxc7 34. Nxf8 Bxf8 $18) 1-0

[Event "Polish University-ch Open 2024"]
[Site "Lublin"]
[Date "2024.02.24"]
[Round "5.7"]
[White "Niedbala, Bartlomiej"]
[Black "Karpus, Michal"]
[Result "0-1"]
[ECO "C84"]
[WhiteElo "2382"]
[BlackElo "2243"]
[Annotator "RC"]
[PlyCount "153"]
[EventDate "2024.02.22"]
[EventType "swiss"]
[EventCountry "POL"]
[SourceTitle "playchess.com"]
[Source "ChessBase"]
[SourceQuality "1"]
[TimeControl "600+3"]

1. e4 e5 2. Nf3 Nc6 3. Bb5 a6 4. Ba4 Nf6 5. Nc3 b5 6. Bb3 Be7 7. a4 Rb8 8. axb5 axb5 9. O-O O-O 10. d3 d6 11. h3 Be6 12. Nd5 Bxd5 13. exd5 Nb4 14. c4 Nxd3 15. Qxd3 e4 16. Qd1 exf3 17. Qxf3 bxc4 18. Bxc4 Nd7 19. Qd1 Bf6 20. Qc2 Re8 21. Rb1 Nb6 22. Bb3 Qd7 23. Qd3 Re5 24. Bf4 Qf5 25. Qd2 Re4 26. Be3 Nc4 27. Bxc4 Rxc4 28. Rfc1 Rcb4 29. Rc2 h5 30. Qd1 Rxb2 31. Rbxb2 Rxb2 32. Rxc7 Rb1 33. Rc8+ Kh7 34. Rc1 Rxc1 35. Bxc1 h4 36. Be3 Be5 37. Kf1 Kg8 38. Ke2 Qe4 39. Kf1 Qc4+ 40. Kg1 g6 41. Bg5 Kg7 42. Be3 Qe4 43. Qb3 Kf6 44. Qb8 Qxd5 45. Qh8+ Ke7 46. Qxh4+ Bf6 47. Qa4 Be5 48. g3 Qd3 49. Kg2 Ke6 50. Qe8+ Kf6 51. Qh8+ Ke7 52. Bg5+ Kd7 53. Qd8+ Kc6 54. Qe8+ Kc5 55. Qxf7 Bd4 56. Qc7+ Kd5 57. Qf7+ Kc5 58. Qc7+ Kd5 59. Qb7+ Kc5 60. Qc8+ Kd5 61. Qg8+ Kc5 62. Qf7 Qe2 63. Bh6 Qe4+ 64. Qf3 Qc2 65. Qf8 Qe4+ 66. Kh2 Qe2 67. Kg2 Qe4+ 68. Qf3 Qc2 69. h4 d5 70. Bf8+ Kc4 71. Qf7 Qe4+ 72. Kh2 Kd3 73. Bh6 Ke2 74. Qb7 Kxf2 75. Qf7+ Qf3 76. Qxf3+ Kxf3 77. Bf8 0-1

[Event "Polish University-ch Open 2024"]
[Site "Lublin"]
[Date "2024.02.24"]
[Round "5.8"]
[White "Mis, Mieszko"]
[Black "Kukula, Karol"]
[Result "1-0"]
[ECO "E44"]
[WhiteElo "2325"]
[BlackElo "2011"]
[Annotator "TA"]
[PlyCount "63"]
[EventDate "2024.02.22"]
[EventType "swiss"]
[EventCountry "POL"]
[SourceTitle "playchess.com"]
[Source "ChessBase"]
[SourceQuality "1"]
[TimeControl "600+3"]

1. d4 Nf6 2. c4 e6 3. Nc3 Bb4 4. e3 b6 5. Nge2 Bb7 6. a3 Bxc3+ 7. Nxc3 O-O 8. Bd3 c5 {[%emt 0:00:21] [#]} 9. d5 $1 exd5 10. cxd5 d6 (10... Nxd5 $11 11. Nxd5 Bxd5) 11. O-O Nbd7 12. e4 a6 13. Bf4 Qe7 14. a4 {[%emt 0:00:04] White is more active.} Ne5 15. Bc2 Bc8 ({Black should play} 15... b5 $14) 16. Re1 (16. Bg3 $142) 16... Bd7 17. Bg3 ({White should try} 17. Bd2 $16) 17... Ng6 ({Better is} 17... g5 $1 $14) 18. f4 (18. h3 $142) 18... Bg4 $16 19. Qd2 Nh5 20. Qf2 Nxg3 21. Qxg3 Bd7 22. e5 $36 {[%emt 0:00:11][%cal Oe5e6][%mdl 2048] Dodges Qf6. White is in control.} b5 {[%emt 0:00:12] [#]} (22... Nh4 $16 {might work better.} 23. Ne4 Bf5) 23. e6 $1 $18 fxe6 24. dxe6 (24. f5 $6 b4 $16) 24... Bc6 {[%emt 0:00:35] Dodges Nd5} (24... Bxe6 $2 25. f5 (25. axb5 Qf6 $16) 25... c4 26. Rxe6 $18) 25. axb5 axb5 {[%emt 0:00:00] [#]} 26. Rxa8 Rxa8 {[%emt 0:00:00] [#] This move loses the game for Black.} (26... Bxa8 $16 {keeps fighting.} 27. f5 (27. Nxb5 Nxf4 28. Nxd6 Qxd6 $15) 27... Nh4) 27. f5 $1 ({But not} 27. Bxg6 $6 hxg6 28. Qxg6 Qf6 29. Qxf6 gxf6 $16) 27... Ne5 28. Be4 Bxe4 29. Nxe4 {[%emt 0:00:01] f6 is the strong threat.} Rf8 30. Rf1 {[%emt 0:00:37] Strongly threatening f6.} Kh8 (30... g6 $142 31. Nc3 c4) 31. Rd1 Rxf5 $2 (31... Nc6 32. Rd5 (32. Qxd6 Rd8 $18) (32. Nxd6 Kg8 $18) (32. Rxd6 Nd4 $18) 32... Rd8 33. Rxd6 (33. Nxd6 Kg8 $18) 33... Rxd6 34. Qxd6 Qxd6 35. Nxd6 Kg8) 32. Nxd6 {[%emt 0:06:52] Weighted Error Value: White=0.15 (very precise) /Black=0.36.  Mistake:       	White=3     	Black=7      Inaccurate:     	White=1     	Black=1      OK:         	White=7     	Black=7      Best:        	White=3     	Black=2      Strong:       	White=1     	---} 1-0

[Event "Polish University-ch Open 2024"]
[Site "Lublin"]
[Date "2024.02.24"]
[Round "5.9"]
[White "Brzezinski, Mateusz"]
[Black "Molenda, Marcin"]
[Result "0-1"]
[ECO "D02"]
[WhiteElo "2176"]
[BlackElo "2377"]
[Annotator "TA"]
[PlyCount "68"]
[EventDate "2024.02.22"]
[EventType "swiss"]
[EventCountry "POL"]
[SourceTitle "playchess.com"]
[Source "ChessBase"]
[SourceQuality "1"]
[TimeControl "600+3"]

1. d4 Nf6 2. Nf3 d5 3. c3 e6 4. Bf4 c5 5. e3 Nc6 6. Nbd2 cxd4 7. exd4 Nh5 8. Be3 Bd6 9. g3 {[%emt 0:00:01] The position is equal.} O-O {[%emt 0:00:50] [#]} 10. Ne5 $1 g6 11. Bh6 Ng7 12. Nxc6 (12. Ndf3 $11) 12... bxc6 $15 13. Bd3 f6 14. O-O e5 15. Qa4 Bd7 16. Rfe1 (16. Nb3 $142) 16... e4 17. Be2 (17. Nxe4 $17 dxe4 18. Bxe4) 17... Rf7 $19 18. Bxg7 (18. Nxe4 $142 dxe4 19. Bc4) 18... Kxg7 19. c4 (19. Nb3 $142) 19... f5 20. Rac1 $2 (20. cxd5 cxd5 21. Bb5) 20... f4 21. cxd5 cxd5 22. Bb5 Be6 23. Rc6 $2 {[%emt 0:01:02] [#]} (23. Rc2) 23... e3 $1 {[%emt 0:00:06][%mdl 512] Threatens to win with ...exf2+. Black is clearly winning.} 24. Nf3 (24. Re2 Bh3) 24... exf2+ 25. Kxf2 fxg3+ 26. hxg3 Bg4 {[%emt 0:00:21] This pair of bishops is nice.} 27. Re3 Qf6 (27... Bxf3 $142 28. Rxd6 Be4+ (28... Qxd6 $2 29. Rxf3 Rxf3+ 30. Kxf3 $19) 29. Ke1 Qxd6) 28. Qb3 Raf8 (28... Qxd4 $2 29. Kg2 Bxf3+ 30. Rxf3 Rxf3 31. Qxf3 $19) 29. Be2 Bxf3 (29... Qxd4 $2 30. Kg2 Bxf3+ 31. Bxf3 $19) 30. Bxf3 {[%emt 0:00:12] [#]} Bxg3+ $1 31. Kxg3 Qxc6 32. Bxd5 Qc7+ 33. Re5 Rf5 34. Qe3 Re8 {[%emt 0:00:20] White got outplayed after the opening.   Weighted Error Value: White=0.88/Black=0.40.  Mistake:       	White=7     	---        Inaccurate:     	White=3     	Black=1      OK:         	---       	Black=8      Brilliant:      	---       	Black=1} 0-1

[Event "Polish University-ch Open 2024"]
[Site "Lublin"]
[Date "2024.02.24"]
[Round "5.10"]
[White "Snihur, Piotr"]
[Black "Zerebiec, Maurycy"]
[Result "1-0"]
[ECO "C02"]
[WhiteElo "2278"]
[BlackElo "1996"]
[Annotator "TA"]
[PlyCount "87"]
[EventDate "2024.02.22"]
[EventType "swiss"]
[EventCountry "POL"]
[SourceTitle "playchess.com"]
[Source "ChessBase"]
[SourceQuality "1"]
[TimeControl "600+3"]

1. e4 e6 2. d4 d5 3. e5 c5 4. c3 Qd7 5. Nf3 b6 6. a3 a5 7. Bf4 Ne7 8. Nbd2 {[%emt 0:00:08] The position is equal.} h5 9. h3 Nf5 10. Bd3 Ba6 11. Qe2 (11. Bxf5 $14 exf5 12. Nf1) 11... Bxd3 $11 12. Qxd3 Nc6 13. Ke2 a4 14. g4 Nfe7 15. Rag1 Na5 16. Be3 Rc8 17. Ne1 (17. Kf1 $15) 17... Nec6 18. f4 Nc4 19. Qb1 $2 (19. Nxc4 $17 {is tougher.} dxc4 20. Qe4 (20. Qxc4 $2 cxd4 21. Bf2 Nxe5 $19)) 19... Nxe3 $19 20. Kxe3 cxd4+ 21. cxd4 {[%emt 0:00:02] [#]} Nxd4 22. Nd3 Bc5 23. Nxc5 bxc5 24. Rc1 {[%emt 0:00:07] [#]} c4 $1 {[%emt 0:00:12] White must now prevent ...Qa7.} 25. Kxd4 Qa7+ 26. Kc3 Qa5+ $2 ({Black should try} 26... hxg4 $19 {And now ...d4+ would win.} 27. Kc2 Qd4 (27... gxh3 $2 28. Rcf1 $17) (27... Rxh3 $2 28. Rxh3 gxh3 29. Rh1 $19)) 27. Kc2 $15 c3 (27... Rb8 $15 28. Qa1 O-O) 28. bxc3 (28. Kd1 $16) 28... Rxc3+ 29. Kd1 $1 ({Reject} 29. Kb2 d4 (29... O-O $2 30. Rxc3 d4 31. Rc4 $18) 30. Ka2 Qd5+ 31. Ka1 Rxa3+ (31... O-O 32. Rxc3 dxc3 33. Ne4 $16) 32. Kb2 Rc3 $11) 29... Rxc1+ $2 {[%emt 0:00:00] White stays focused until the end.} (29... O-O $16) 30. Qxc1 $18 O-O (30... hxg4 {keeps fighting.} 31. Qc6+ Ke7) 31. gxh5 Qa7 32. Qc3 {[%emt 0:00:02] Repels Qe3} Qf2 33. Rf1 Qh2 (33... Qg2 $142 34. Qf3 Qxf3+ 35. Nxf3 (35. Rxf3 Rc8 $18) 35... Rb8) 34. Qf3 Rb8 35. Rh1 Rb1+ 36. Nxb1 Qb2 37. Nd2 {[%emt 0:00:02][%cal Bb1d2,Bd2e4,Be4g5][%mdl 32] White wants to mate with Ke2.} d4 38. Ke2 {[%emt 0:00:05] White mates.} Qb5+ 39. Qd3 Qd5 40. Rg1 Kh8 41. Qc4 Qd8 42. Ne4 Qh4 43. Qc8+ Kh7 44. Ng5+ {[%emt 0:00:00] Weighted Error Value: White=0.37/Black=0.60.  Loses game:     	White=1     	Black=1      Missed win:     	---       	Black=1      Mistake:       	White=3     	Black=3      Inaccurate:     	White=4     	Black=3      OK:         	White=6     	Black=6      Best:        	White=2     	Black=2      Strong:       	White=1     	---        Brilliant:      	---       	Black=1} 1-0